Map: Troizinia LE

Players

bobber

  • Race: Terran Terran
  • Spawn Location: 5:00

ati

  • Race: Terran Terran
  • Spawn Location: 5:00

MikeMorhaim

  • Race: Zerg Zerg
  • Spawn Location: 6:00

DerGewinner

  • Race: Terran Terran
  • Spawn Location: 3:00

Buck - Winner!

  • Race: Protoss Protoss
  • Spawn Location: 11:00

JeanpPERU - Winner!

  • Race: Zerg Zerg
  • League: Platinum
  • Spawn Location: 11:00

Infamous - Winner!

  • Race: Protoss Protoss
  • League: Silver
  • Spawn Location: 12:00

jake - Winner!

  • Race: Zerg Zerg
  • Spawn Location: 9:00

VOD

Have the link to the VOD?

Description

Time

  • Played on: March 28, 2018, 12:57 p.m.
  • Length: 12:20
Show
View Real Time Build Order
Export as new Build Order

bobber Terran 

Build Orders:  

Get SALT Encoding   

  12  0:02  SCV  
  13  0:14  SCV  
  14  0:22  Supply Depot  
  14  0:26  SCV  
  15  0:38  Refinery  
  15  0:44  SCV  
  16  0:52  Barracks  
  16  0:56  SCV  
  17  1:08  SCV  
  18  1:16  Refinery  
  18  1:20  SCV  
  19  1:32  SCV  
  20  1:40  Supply Depot  
  20  1:41  Factory  
  20  1:45  SCV  
  21  1:57  SCV  
  22  2:06  Supply Depot  
  22  2:08  Marine  
  23  2:09  SCV  
  24  2:21  Engineering Bay  
  24  2:26  Marine  
  25  2:31  Supply Depot  
  25  2:36  Factory Tech Lab  
  25  2:43  Marine  
  26  2:48  Starport  
  26  2:59  Orbital Command  
  26  3:01  Marine  
  27  3:06  Armory  
  27  3:16  Siege Tank  
  30  3:30  Starport  
  30  3:48  Starport Reactor  
  30  4:21  Starport Reactor  
  30  4:26  Terran Ship Weapons Level 1  
  30  4:32  Siege Tank  
  33  4:46  Liberator  
  29  5:06  Liberator  
  35  6:15  Viking x2  
  35  6:16  Viking  
  41  6:19  Viking  
  41  6:20  Terran Vehicle And Ship Armor Level 1  
  43  6:53  Viking x2  
  41  8:10  Viking  
  41  8:11  Viking  
  41  8:12  Viking  
  47  8:23  Supply Depot  
  47  8:45  Viking x3  
  53  8:53  Viking  
  55  9:04  Supply Depot  
  55  9:22  Viking  
  54  9:30  Viking  
    10:27  Widow Mine  
  2  10:34  Viking x2  
  6  10:49  Widow Mine  
  8  10:53  Marine  
  9  11:04  Viking x2  
  9  11:10  Marine, Widow Mine  
  16  11:28  Marine  
Show
View Real Time Build Order
Export as new Build Order

ati Terran 

Build Orders:  

Get SALT Encoding   

  12  0:03  SCV  
  13  0:15  SCV  
  14  0:27  SCV  
  15  0:30  Supply Depot  
  15  0:49  Engineering Bay  
  15  0:52  SCV  
  16  1:04  SCV  
  17  1:16  SCV  
  18  1:47  SCV  
  19  1:49  Barracks  
  19  1:50  Barracks x2  
  19  1:51  Barracks  
  19  1:56  Refinery  
  19  1:59  SCV  
  19  2:00  Refinery  
  20  2:11  SCV  
  21  2:23  SCV  
  22  2:35  SCV  
  23  2:42  Barracks Reactor  
  23  2:45  Barracks Reactor  
  23  3:01  Supply Depot x2  
  23  3:15  Planetary Fortress  
  23  3:24  Supply Depot  
  23  4:19  Barracks Reactor x4  
  23  4:59  Marine  
  22  5:00  Marine x7  
  30  5:17  Marine  
  30  5:18  Marine x7  
  38  5:35  Marine x3  
  38  5:36  Marine x5  
  42  5:53  Marine x5  
  47  6:06  Supply Depot  
  47  6:08  Supply Depot  
  47  6:27  Marine x8  
  47  6:29  Supply Depot  
  52  6:45  Marine x8  
  48  7:03  Marine x3  
  49  7:08  Marine x3  
  49  7:09  Marine x2  
  54  7:20  Missile Turret  
  54  7:21  Marine x3, Missile Turret  
  54  7:22  Missile Turret x2  
  57  7:23  Missile Turret  
  57  7:26  Marine  
  43  7:42  Missile Turret  
  31  7:49  Marine x4  
  31  7:50  Marine x4  
  38  8:07  Marine x6  
  38  8:08  Marine x2  
  46  8:25  Marine x7  
  46  8:26  Marine  
  54  8:38  Command Center  
  54  8:42  Marine  
  54  8:43  Marine x7  
  50  9:00  Marine  
Show
View Real Time Build Order
Export as new Build Order

MikeMorhaim Zerg 

Build Orders: Pool First 

Get SALT Encoding   

  12  0:01  Drone  
  13  0:08  Drone  
  14  0:21  Extractor  
  13  0:23  Drone  
  13  0:24  Extractor  
  13  0:25  Drone  
  16  0:40  Spawning Pool  
  15  0:48  Overlord  
  15  1:13  Hatchery  
  15  1:15  Drone  
  15  1:16  Drone  
  15  1:17  Drone  
  17  1:21  Extractor  
  16  1:31  Drone  
  17  1:38  Queen  
  19  1:47  Drone  
  20  1:55  Drone  
  20  1:59  Drone  
  22  2:08  Extractor  
  22  2:11  Drone  
  22  2:21  Overlord  
  22  2:38  Lair  
  22  2:39  Roach Warren  
  22  2:40  Drone x2  
  23  2:55  Drone x2  
  23  2:56  Drone  
  26  3:03  Evolution Chamber  
  26  3:04  Drone x3  
  26  3:05  Evolution Chamber  
  27  3:12  Drone x3  
  30  3:24  Queen  
  32  3:28  Roach  
  34  3:38  Roach  
  36  3:41  Overlord x2  
  36  4:00  Roach x5  
  46  4:15  Drone  
  47  4:26  Roach x2  
  47  4:30  Extractor  
  50  4:35  Extractor  
  47  5:08  Zerg Missile Weapons Level 1  
  47  5:09  Zerg Ground Armor Level 1  
  47  5:16  Drone x3, Hydralisk Den  
  47  5:19  Infestation Pit  
  48  5:32  Drone x3  
  51  5:56  Hive  
  51  5:58  Pneumatized Carapace  
  51  6:00  Drone  
  51  6:01  Overlord  
  51  6:02  Overlord x2  
  52  6:17  Glial Reconstitution  
  52  6:18  Hatchery  
  51  6:21  Muscular Augments  
  51  6:24  Hydralisk x3  
  51  6:25  Hydralisk x2  
  61  6:29  Drone  
  61  6:30  Drone x2  
  60  6:42  Hydralisk x2  
  18  7:32  Grooved Spines  
  18  7:36  Tunneling Claws  
  18  8:09  Hydralisk  
Show
View Real Time Build Order
Export as new Build Order

DerGewinner Terran 

Build Orders:  

Get SALT Encoding   

  12  0:02  SCV  
  13  0:14  SCV  
  14  0:26  SCV  
  15  0:40  Supply Depot  
  15  0:49  Refinery  
  15  1:01  SCV  
  16  1:13  SCV  
  17  1:26  SCV  
  17  1:32  Refinery  
  18  1:36  Barracks  
  18  1:38  SCV  
  19  1:55  Command Center  
  19  2:25  Factory  
  19  2:32  Orbital Command  
  19  2:44  Barracks Reactor  
  19  3:14  Orbital Command  
  19  3:18  Refinery  
  19  3:20  SCV  
  19  3:24  Factory Reactor  
  20  3:33  SCV  
  21  3:42  Marine x2  
  21  3:45  SCV  
  22  3:56  SCV  
  22  4:00  Marine x2  
  7  4:08  SCV  
  7  4:16  Command Center  
  5  4:20  SCV  
    5:54  Orbital Command  
    6:35  Orbital Command  
    6:43  SCV  
  1  7:08  SCV  
  2  7:20  SCV  
  3  7:32  SCV  
  4  7:44  SCV  
  5  7:56  SCV  
  6  8:08  SCV  
  7  8:20  SCV  
    9:46  Widow Mine  
Show
View Real Time Build Order
Export as new Build Order

Buck Protoss - Winner!

Build Orders:  

Get SALT Encoding   

  12  0:01  Probe  
  13  0:13  Probe  
  14  0:26  Pylon  
  14  0:29  Probe  
  15  0:44  Probe (Chrono Boost)  
  16  0:53  Probe (Chrono Boost)  
  17  0:58  Probe (Chrono Boost)  
  18  1:10  Probe  
  19  1:11  Nexus  
  19  1:22  Probe, Forge  
  20  1:32  Pylon  
  20  1:34  Probe (Chrono Boost)  
  21  1:46  Probe (Chrono Boost)  
  22  1:51  Probe (Chrono Boost)  
  23  2:43  Probe (Chrono Boost)  
  24  2:53  Probe (Chrono Boost)  
  24  2:58  Probe (Chrono Boost)  
  25  3:04  Gateway  
  26  3:06  Assimilator  
  26  3:09  Probe  
  26  3:11  Assimilator  
  27  3:20  Assimilator  
  27  3:21  Probe, Nexus  
  27  3:25  Assimilator  
  28  3:33  Probe  
  29  3:45  Probe  
  30  3:57  Probe  
  30  6:35  Probe (Chrono Boost)  
  31  6:45  Probe (Chrono Boost)  
  32  6:50  Probe (Chrono Boost)  
  33  7:02  Probe (Chrono Boost)  
  34  7:13  Probe (Chrono Boost)  
  35  7:17  Gateway  
  35  7:18  Probe (Chrono Boost), Gateway  
  35  7:20  Gateway  
  36  7:25  Gateway  
  36  7:28  Probe, Gateway  
  37  7:34  Pylon x2  
  37  7:37  Pylon  
  37  7:39  Pylon  
  37  7:40  Probe, Pylon  
  37  7:42  Pylon  
  37  7:43  Pylon  
  38  7:51  Pylon  
  38  7:52  Pylon  
  38  7:54  Pylon  
  38  8:10  Cybernetics Core  
  38  8:13  Forge  
  38  8:24  Forge  
  38  8:28  Forge  
  38  8:36  Zealot x2  
  38  8:37  Zealot x4  
  50  8:54  Twilight Council  
  50  9:03  Zealot  
  50  9:04  Zealot x5  
  50  9:08  Protoss Shields Level 1, Protoss Ground Weapons Level 1, Protoss Ground Armor Level 1  
  62  9:18  Charge (Chrono Boost)  
  62  9:31  Zealot x6  
  74  9:58  Zealot x6  
  86  10:13  Nexus  
  86  10:25  Zealot x6  
  98  10:52  Zealot x4  
  98  10:53  Zealot x2  
  110  11:19  Zealot x4  
  110  11:20  Zealot x2  
Show
View Real Time Build Order
Export as new Build Order

JeanpPERU Zerg - Winner!

Build Orders: Pool First 

Get SALT Encoding   

  12  0:08  Extractor  
  11  0:21  Spawning Pool  
  10  0:51  Drone  
  10  0:52  Drone x2  
  14  1:04  Drone  
  14  1:10  Metabolic Boost  
  14  1:13  Overlord  
  14  1:33  Queen  
  14  1:35  Zergling x2  
  17  1:42  Zergling x2  
  18  1:54  Zergling x2  
  19  1:57  Overlord  
  19  2:14  Zergling x2  
  20  2:20  Zergling x2  
  21  2:32  Zergling x2  
  22  2:41  Zergling x8  
  26  2:52  Hatchery  
  25  2:59  Zergling x2  
  26  3:06  Zergling x2  
  27  3:26  Zergling x6  
  30  3:28  Overlord  
  30  3:29  Overlord  
  30  3:58  Zergling x4  
  31  4:41  Zergling x10  
  25  5:01  Zergling x2  
  25  5:02  Zergling x4  
  28  5:09  Drone x3  
  31  5:22  Lair  
  31  5:27  Evolution Chamber  
  30  5:29  Evolution Chamber  
  30  5:32  Zergling x4  
  24  5:48  Zergling x6  
  24  5:51  Zergling x6  
  24  5:56  Zerg Ground Armor Level 1  
  27  6:11  Zergling x4  
  27  6:15  Zergling x4  
  20  6:41  Zergling x4  
  20  6:42  Queen  
  20  6:44  Zergling x4  
  20  6:45  Zergling x2  
  27  6:57  Zergling x4  
  29  7:09  Zergling x6  
  24  7:40  Zergling x6  
  24  7:41  Zergling x6  
  29  8:03  Roach Warren  
  28  8:07  Zergling x6  
  28  8:10  Drone x2  
  33  8:15  Overseer  
  33  8:26  Zergling x6  
  36  8:32  Drone  
  37  8:38  Drone  
  38  8:52  Drone x2  
  38  8:55  Drone x3  
  43  9:43  Drone x4  
  47  9:47  Drone x3  
  47  9:49  Extractor  
  47  9:51  Roach  
  51  9:58  Drone  
  52  10:47  Overlord x4  
  52  10:48  Overlord x2  
  52  10:49  Overlord x3  
  52  10:50  Overlord x4  
  52  11:31  Hatchery  
  51  11:32  Hatchery  
  50  11:40  Hatchery  
Show
View Real Time Build Order
Export as new Build Order

Infamous Protoss - Winner!

Build Orders: 1 Gate Expand 

Get SALT Encoding   

  12  0:01  Probe  
  13  0:14  Probe  
  14  0:21  Pylon  
  14  0:26  Probe  
  15  0:41  Gateway  
  15  0:42  Probe (Chrono Boost)  
  16  0:54  Probe (Chrono Boost)  
  16  0:56  Assimilator  
  17  1:03  Probe (Chrono Boost)  
  18  1:20  Probe  
  19  1:29  Nexus  
  19  1:32  Probe  
  20  1:43  Cybernetics Core  
  20  1:50  Probe  
  21  2:03  Probe  
  21  2:07  Assimilator  
  22  2:10  Pylon  
  22  2:16  Warp Gate (Chrono Boost)  
  22  2:20  Probe  
  23  2:33  Probe (Chrono Boost)  
  23  2:35  Pylon  
  24  2:41  Probe (Chrono Boost)  
  25  2:51  Probe x2 (Chrono Boost)  
  27  2:55  Gateway  
  27  2:57  Gateway  
  27  3:00  Probe (Chrono Boost)  
  27  3:03  Probe (Chrono Boost)  
  30  3:12  Gateway  
  30  3:13  Probe (Chrono Boost)  
  30  3:28  Gateway  
  30  3:31  Probe x2  
  32  3:40  Gateway  
  32  3:42  Gateway  
  32  3:44  Probe  
  32  3:45  Probe, Robotics Facility  
  33  3:58  Probe x2 (Chrono Boost)  
  35  4:08  Probe x2 (Chrono Boost)  
  37  4:13  Probe (Chrono Boost)  
  38  4:18  Stalker  
  38  4:19  Adept  
  38  4:20  Sentry  
  44  4:30  Probe x2  
  46  4:32  Observer  
  47  4:40  Twilight Council  
  47  4:42  Probe, Stalker x2  
  47  4:43  Zealot  
  54  4:53  Pylon  
  54  4:57  Pylon  
  54  5:01  Pylon, Assimilator  
  54  5:05  Immortal, Assimilator  
  54  5:11  Probe x2  
  60  5:15  Pylon  
  60  5:18  Zealot  
  60  5:19  Pylon, Zealot x2  
  60  5:20  Charge (Chrono Boost)  
  60  5:21  Sentry  
  68  5:23  Probe x2  
  70  5:35  Probe  
  70  5:41  Robotics Bay  
  71  5:52  Stalker  
  71  5:53  Stalker x3  
  79  6:02  Sentry  
  81  6:15  Sentry  
  83  6:24  Zealot x4  
  91  6:31  Probe  
  91  6:32  Pylon, Probe  
  93  6:35  Forge  
  93  6:37  Forge  
  93  6:44  Probe  
  94  6:50  Colossus (Chrono Boost), Probe  
  87  7:14  Zealot x2  
  87  7:15  Sentry  
  93  7:16  Stalker x3  
  99  7:31  Protoss Ground Armor Level 1 (Chrono Boost)  
  93  7:38  Protoss Ground Weapons Level 1 (Chrono Boost)  
  93  7:41  Zealot x5  
  99  7:55  Pylon  
  99  7:57  Pylon  
  99  8:00  Shield Battery  
  99  8:02  Photon Cannon  
  99  8:06  Photon Cannon  
  99  8:08  Photon Cannon  
  99  8:13  Photon Cannon  
  99  8:14  Zealot  
  99  8:15  Zealot x3  
  107  8:23  Probe x2, Photon Cannon  
  107  8:24  Photon Cannon  
  109  8:28  Sentry  
  109  8:29  Sentry  
  109  8:31  Photon Cannon  
  113  8:34  Shield Battery  
  113  8:35  Probe x2  
  115  8:42  Blink  
  115  8:47  Probe x2, Extended Thermal Lance  
  107  9:10  Stalker x3  
  107  9:11  Stalker x2  
  117  9:20  Protoss Ground Weapons Level 2 (Chrono Boost)  
  117  9:21  Protoss Ground Armor Level 2 (Chrono Boost)  
  117  9:36  Pylon  
  117  9:37  Pylon  
  117  9:53  Colossus (Chrono Boost)  
  117  9:55  Probe x2  
  125  10:02  Nexus  
  125  10:04  Pylon  
  125  10:06  Pylon  
  125  10:07  Probe x2, Zealot x3  
  126  10:09  Pylon  
  133  10:26  Pylon  
  133  10:28  Pylon  
  133  10:30  Gateway  
  133  10:32  Gateway  
  133  10:52  Stalker  
  133  10:53  Stalker x5  
  143  11:12  Probe x2  
  143  11:14  Probe  
  146  11:24  Probe x2  
  148  11:26  Probe  
  149  11:36  Probe x2  
  149  11:38  Probe  
  152  11:50  Stalker x3  
  152  11:53  Sentry x2  
  162  12:04  Pylon  
  162  12:06  Pylon  
  162  12:09  Pylon  
Show
View Real Time Build Order
Export as new Build Order

jake Zerg - Winner!

Build Orders: Pool First 

Get SALT Encoding   

  12  0:02  Drone  
  13  0:13  Drone  
  14  0:32  Spawning Pool  
  14  0:34  Drone  
  14  0:40  Overlord  
  14  0:52  Overlord  
  14  0:59  Drone x2  
  16  1:10  Drone  
  17  1:18  Drone, Queen  
  20  1:38  Hatchery  
  19  1:41  Drone  
  19  1:42  Extractor  
  19  1:45  Drone  
  20  1:50  Drone  
  21  2:07  Drone  
  22  2:12  Drone  
  23  2:24  Drone  
  23  2:26  Extractor  
  23  2:28  Drone x3  
  26  2:42  Lair  
  26  2:58  Drone  
  26  3:04  Extractor  
  26  3:05  Drone  
  27  3:15  Overlord x2  
  27  3:16  Overlord  
  27  3:22  Drone x2, Extractor  
  28  3:33  Drone x2  
  28  3:34  Drone x2  
  32  3:42  Queen  
  32  3:46  Drone  
  35  3:53  Drone x3  
  38  4:31  Drone  
  38  4:32  Spire  
  38  4:41  Drone  
  39  4:48  Overlord  
  39  4:49  Overlord  
  39  5:43  Mutalisk x4  
  39  5:44  Mutalisk x5  
  39  5:45  Mutalisk x5  
  39  5:49  Overlord  
  67  5:50  Mutalisk  
  69  5:58  Drone  
  69  6:00  Drone  
  69  6:01  Drone x4  
  75  6:28  Mutalisk x2  
  75  6:29  Mutalisk x2  
  58  7:30  Mutalisk x4  
  58  7:31  Mutalisk x2  
  58  7:35  Queen  
  70  8:06  Mutalisk x2  
  70  8:07  Overlord  
  70  8:09  Drone x3  
  77  8:47  Drone x3  
  80  8:50  Drone x3  
  83  9:03  Mutalisk x3  
  77  10:24  Mutalisk x3  
  77  10:25  Mutalisk x4  
  77  10:27  Overlord x2  
  77  10:28  Overlord x3  
  91  10:46  Mutalisk  
  91  10:47  Mutalisk x3  
  99  10:56  Drone x3  
  96  11:41  Mutalisk x3  
  96  11:42  Mutalisk x3  
  108  11:49  Hatchery  
  107  11:59  Hatchery  
  106  12:05  Hatchery  
Tags
 
Add a new tag
Caveats
  • Supply blocks, unpowered buildings, or Contaminate may cause inaccurate times.
  • Supply counts are checked every 10 seconds.